 Dungeon Crawl Stone Soup version 0.28-a0-1506-g3893175d92 (webtiles) character file.

Game seed: 9511660289327564432

42 comborobin the Skirmisher (level 3, -3/36 HPs)
             Began as a Hill Orc Delver on Jan 14, 2022.
             Slain by an iguana (5 damage)
             ... on level 4 of the Dungeon.
             The game lasted 00:00:23 (491 turns).

comborobin the Skirmisher (Hill Orc Delver)          Turns: 491, Time: 00:00:24

Health: -3/36      AC:  3    Str: 16    XL:     3   Next: 54%
Magic:  3/3        EV: 11    Int: 10    God:
Gold:   17         SH:  0    Dex: 12    Spells: 2/2 levels left

rFire   . . .      SeeInvis .   a - +0 hand axe
rCold   . . .      Faith    .   (no shield)
rNeg    . . .      Spirit   .   b - +0 leather armour
rPois   .          Reflect  .   (no helmet)
rElec   .          Harm     .   (no cloak)
rCorr   .          Rampage  .   (no gloves)
Will    .....                   (no boots)
Stlth   ++........              (no amulet)
HPRegen 0.12/turn               (no ring)
MPRegen 0.08/turn               (no ring)

@: mighty
A: no striking features
a: no special abilities


You were on level 4 of the Dungeon.
You visited 1 branch of the dungeon, and saw 3 of its levels.

You collected 17 gold pieces.

Inventory:

Hand Weapons
 a - a +0 hand axe (weapon)
Armour
 b - a +0 leather armour (worn)
Wands
 f - a wand of acid (8)
 g - a wand of digging (3)
Scrolls
 c - a scroll of fog
 d - a scroll of magic mapping
 e - a scroll of fear
Potions
 i - a potion of heal wounds {unknown}


   Skills:
 + Level 5.4 Fighting
 - Level 2.6 Axes
 - Level 1.5 Dodging
 - Level 4.1 Stealth


You had 2 spell levels left.
You didn't know any spells.
Your spell library was empty.

Dungeon Overview and Level Annotations

Branches:
Dungeon (6/15)
 Temple: D:4-7

Altars:


Message History

Found a bubbling green potion.
There is a stone staircase leading down here.
h - a bubbling green potion
Found 22 arrows.
i - a smoky green potion An iguana comes into view.
Found 10 gold pieces.
An iguana is nearby!
The iguana hisses angrily.
The iguana bites you!
An iguana is nearby!
You barely miss the iguana. The iguana bites you.
An iguana is nearby!
You closely miss the iguana.
The iguana bites you but does no damage.
You hit the iguana.
The iguana is lightly wounded.
The iguana closely misses you.
It was a potion of might.
You feel very mighty all of a sudden. The iguana bites you.
Unknown command.
You hit the iguana.
The iguana is heavily wounded.
The iguana barely misses you.
You closely miss the iguana.
The iguana is heavily wounded.
The iguana bites you.
You barely miss the iguana.
The iguana is heavily wounded.
The iguana bites you!
* * * LOW HITPOINT WARNING * * *
The iguana bites you but does no damage.
You hit the iguana.
The iguana is severely wounded.
The iguana closely misses you.
You hit the iguana.
The iguana is almost dead.
The iguana bites you.
You die...

#$ .. ....#. #....
#.#.# #.#.# #...#
#.####...######
#...l@....(...#
##.###..##.....
#.###..##.##.#
#......##.##.#
#..###.#...#.#####
#. #..#.#......# #
#.#####.>.### ##.
#...## . #...##


You could see an iguana.

Vanquished Creatures
  A bullfrog skeleton (D:5)
  A hound skeleton (D:5)
2 creatures vanquished.

Notes
Turn   | Place    | Note
-------+----------+-------------------------------------------
     0 | D:5      | comborobin the Hill Orc Delver began the quest for the Orb.
     0 | D:5      | Reached XP level 1. HP: 19/19 MP: 1/1
     1 | D:6      | Noticed a centaur
   139 | D:5      | Reached skill level 5 in Fighting
   139 | D:5      | Reached XP level 2. HP: 9/29 MP: 2/2
   139 | D:5      | Reached XP level 3. HP: 11/36 MP: 3/3
   491 | D:4      | Slain by an iguana

Illustrated notes

Levels and vault maps discovered:
D:4:      minmay_opposing_rooms, layout_loops_ring, minmay_temple_entry_junction
D:5:      layout_gridville
D:6:      layout_basic, grunt_qazlal_clouds, grunt_gozag_statues, uniq_maggie,
          uniq_eustachio, uniq_crazy_yiuf_cottage

Skill      XL: |  1 |
---------------+----+-----
Fighting       | 5 |  5.4
Axes           | |  2.6
Dodging        | |  1.5
Stealth        | |  4.1

Action                   || total
-------------------------++-------
Melee: Hand axe          ||    23
  Use: Potion            ||     2
 Stab: Distracted        ||     1
Armor: Leather armour    ||     4
Dodge: Dodged            ||     8

Table legend: (Time is in decaauts)
 A = Elapsed time spent in this place.
 B = Non-inter-level travel time spent in this place.
 C = Inter-level travel time spent in this place.
 D = Time resting spent in this place.
 E = Time spent auto-exploring this place.
 F = Levels seen in this place.
 G = Mean time per level.
                   A        B        C        D        E       F      G
               +--------+--------+--------+--------+--------+-----+--------+
         Total |    475 |    471 |      4 |    230 |    190 |   3 |  158.3 |
       Dungeon |    475 |    471 |      4 |    230 |    190 |   3 |  158.3 |
               +--------+--------+--------+--------+--------+-----+--------+

Top non-repeatable levels by time:
     D:5: 446 daAuts
     D:4: 26 daAuts
     D:6: 1 daAuts
